 Dungeon Crawl Stone Soup version 0.17-a0-1996-gd2c0ec8 (webtiles) character file.

747 graki42 the Firebug (level 7, -1/37 HPs)
             Began as a Tengu Fire Elementalist on Oct 7, 2015.
             Was an Initiate of Vehumet.
             Slain by an ogre
             ... wielding a cursed -1 giant club
              (4 damage)
             ... on level 4 of the Dungeon.
             The game lasted 00:16:03 (3472 turns).

graki42 the Firebug (Tengu Fire Elementalist)       Turns: 3472, Time: 00:16:04

Health: -1/37      AC:  3    Str:  9    XL:     7   Next: 77%
Magic:  13/24      EV:  8    Int: 17    God:    Vehumet [......]
Gold:   131        SH:  0    Dex: 14    Spells: 4 memorised, 4 levels left

rFire  . . .     SeeInvis .     (no weapon)
rCold  + . .     Clarity  .     n - +1 robe {rC+}
rNeg   . . .     SustAt   .     (no shield)
rPois  .         Gourm    .     (helmet restricted)
rElec  .         Spirit   .     (no cloak)
rCorr  .         Warding  .     (no gloves)
rMut   .         Stasis   .     (boots unavailable)
MR     .....                    (no amulet)
Stlth  +.........               (no ring)
                                f - ring of magical power

@: liquid flames, very slightly contaminated, glowing, not resistant to hostile
enchantments, very unstealthy
A: beak, talons 3, able to fly 1
a: Fly, Renounce Religion


You were on level 4 of the Dungeon.
You worshipped Vehumet.
Vehumet was noncommittal.
You were hungry.

You visited 2 branches of the dungeon, and saw 5 of its levels.

You collected 131 gold pieces.

Inventory:

Armour
 n - a +1 robe of cold resistance (worn)
Jewellery
 f - a ring of magical power (left hand)
 o - an uncursed ring of poison resistance {unknown}
Wands
 m - a wand of confusion (26)
 p - a wand of teleportation (6)
 r - a wand of hasting (1)
Scrolls
 d - a scroll of enchant armour {unknown}
 e - 3 scrolls of teleportation {unknown}
 h - 2 scrolls of magic mapping {unknown}
 j - 2 scrolls of random uselessness {unknown}
 k - 5 scrolls of identify {unknown}
 s - a scroll of amnesia {unknown}
 v - a scroll of blinking {unknown}
Potions
 i - 4 potions of curing {unknown}
 l - a potion of flight {unknown}
 q - a potion of poison {unknown}
 t - 2 potions of might {unknown}
Books
 b - a book of Flames

   Spells                             Type                      Level
   a - Flame Tongue                   Conjuration/Fire             1
   b - Throw Flame                    Conjuration/Fire             2
   c - Conjure Flame                  Conjuration/Fire             3
   d - Inner Flame                    Hexes/Fire                   3
   e - Sticky Flame                   Conjuration/Fire             4
   f - Fireball                       Conjuration/Fire             5
Comestibles
 a - 2 meat rations
 c - 3 bread rations
 g - 5 fruits
 u - a slice of pizza


   Skills:
 + Level 0.6 Fighting
 - Level 2.6 Dodging
 + Level 3.0 Stealth
 + Level 0.4 Unarmed Combat
 + Level 4.7 Spellcasting
 + Level 5.2 Conjurations
 + Level 6.0 Fire Magic


You had 4 spell levels left.
You knew the following spells:

 Your Spells              Type           Power        Failure   Level  Hunger
a - Flame Tongue          Conj/Fire      ###..        1%          1    None
b - Conjure Flame         Conj/Fire      ###.....     6%          3    ###....
c - Inner Flame           Hex/Fire       ##......     14%         3    ###....
d - Sticky Flame          Conj/Fire      ###.....     17%         4    ####...


Dungeon Overview and Level Annotations

Branches:
Dungeon (4/15)             Temple (1/1) D:4

Altars:
Ashenzari
Cheibriados
Dithmenos
Elyvilon
Gozag
Makhleb
Okawaru
Qazlal
Ru
Sif Muna
Trog
Vehumet
Xom
Yredelemnul
The Shining One


Innate Abilities, Weirdness & Mutations

You have a beak for a mouth.
You have claws for feet.
You can fly.


Message History

Confirm with . or Enter, or press ? or * to list all spells.
Aiming: Flame Tongue
Press: ? - help, Shift-Dir - straight line, f/p - ogre
Aim: an ogre, wielding a giant club (lightly wounded)
The flame tongue hits graki42's ghost.
You destroy graki42's ghost!
Vehumet accepts your kill.
Your Stealth skill increases to level 3!
Your Conjurations skill increases to level 5!
Your Fire Magic skill increases to level 6!
You are covered in liquid flames!
You are covered in liquid flames!
Found an escape hatch in the ceiling.
You are covered in liquid flames!
* * * LOW HITPOINT WARNING * * *
There is an escape hatch in the ceiling here.
You are covered in liquid flames!
* * * LOW HITPOINT WARNING * * *
The ogre hits you with a giant club.
You die...

## ### ..# #.# #.# #.#
#.##### #.# #.# .##
#.@...######.##.#.#
.....#O###.#.........#.#
#......#ยง#.#..#.####.#
#.##.#.#.#....#.#..... #
#.#...#...##.##.#.#
#.#..........##.<.#
#.#.#####.###.....#
..#......>........#
###.#####O##......#


You could see an ogre.

Vanquished Creatures
  The ghost of graki42 the Firebug, an amateur DEFE (D:4)
  2 ogres (D:4)
  The ghost of Duffy the Ruffian, a weakling MiMo (D:3)
  A centaur skeleton (D:4)
  A hound (D:4)
  Jessica (D:2)
  An orc priest (D:4)
  2 orc wizards (D:4)
  An iguana (D:3)
  2 worker ants (D:4)
  A hound skeleton (D:4)
  4 gnolls
  4 adders
  2 oozes (D:1)
  2 worms (D:4)
  4 giant geckos
  7 orcs
  3 giant cockroaches
  9 hobgoblins
  14 jackals
  8 kobolds
  A ball python (D:3)
  8 bats
  2 giant newts
  9 goblins
  A jackal skeleton (D:4)
  8 rats
100 creatures vanquished.

Notes
Turn   | Place    | Note
--------------------------------------------------------------
     0 | D:1      | graki42 the Tengu Fire Elementalist began the quest for the Orb.
     0 | D:1      | Reached XP level 1. HP: 10/10 MP: 4/4
    42 | D:1      | Reached XP level 2. HP: 3/15 MP: 0/6
   418 | D:1      | Reached XP level 3. HP: 15/19 MP: 7/7
   537 | D:1      | Reached skill level 4 in Fire Magic
   949 | D:2      | Found a bloodstained altar of Trog.
   974 | D:2      | Found a sacrificial altar of Ru.
  1054 | D:2      | Noticed Jessica
  1063 | D:2      | Killed Jessica
  1063 | D:2      | Reached XP level 4. HP: 24/24 MP: 8/8
  1159 | D:2      | Found a shattered altar of Ashenzari.
  1236 | D:2      | Found a bloodstained altar of Trog.
  1426 | D:2      | Found a burning altar of Makhleb.
  1584 | D:2      | Gained mutation: You can fly. [Tengu growth]
  1584 | D:2      | Reached XP level 5. HP: 8/28 MP: 5/10
  1903 | D:3      | Learned a level 3 spell: Conjure Flame
  1907 | D:3      | Learned a level 3 spell: Inner Flame
  2114 | D:3      | Noticed Duffy's ghost (weakling MiMo)
  2123 | D:3      | Killed Duffy's ghost
  2306 | D:3      | Found a glowing golden altar of the Shining One.
  2328 | D:3      | Reached XP level 6. HP: 32/32 MP: 12/12
  2736 | D:4      | Reached skill level 5 in Fire Magic
  2935 | D:4      | Reached XP level 7. HP: 33/37 MP: 8/13
  3106 | D:4      | Learned a level 4 spell: Sticky Flame
  3204 | D:4      | Found a staircase to the Ecumenical Temple.
  3216 | Temple   | Entered the Ecumenical Temple
  3361 | Temple   | Became a worshipper of Vehumet
  3450 | D:4      | Noticed graki42's ghost (amateur DEFE)
  3469 | D:4      | Killed graki42's ghost
  3469 | D:4      | Reached skill level 5 in Conjurations
  3469 | D:4      | Reached skill level 6 in Fire Magic
  3472 | D:4      | Slain by an ogre

Vault maps used:
D:1:      erik_arrival_gehennom, serial_forest, infiniplex_forest_zigzag_1,
          infiniplex_forest_lined_3_way, infiniplex_forest_pool,
          infiniplex_forest_clump_long, infiniplex_forest_lined_ring,
          hangedman_decor_lopped
D:2:      makhleb_grotto_becter, nicolae_ru_awakened_eye,
          nicolae_overflow_crystal_walls, ashenzari_conservatory_becter,
          trog_hazing_becter, uniq_jessica
D:3:      old_standard_altar, serial_glass, glass_columns_a, glass_columns_b,
          grunt_ministairs_4
D:4:      temple_green, first_bread, minmay_misc_feat_tiny
Temple:   chambers_temple_12

Action                   |  1- 3 |  4- 6 |  7- 9 || total
-------------------------+-------+-------+-------++-------
Melee: Unarmed           |     6 |    12 |       ||    18
 Cast: Flame Tongue      |    59 |   112 |    40 ||   211
       Conjure Flame     |       |     5 |     1 ||     6
       Inner Flame       |       |     3 |       ||     3
  Eat: Chunk             |     1 |     5 |     3 ||     9
